Map: Neon Violet Square LE

Players

Tramadillo - Winner!

  • Race: Terran Terran
  • Spawn Location: 11:00

Dessa

  • Race: Zerg Zerg
  • League: Diamond
  • Spawn Location: 5:00

VOD

Have the link to the VOD?

Description

Time

  • Played on: Dec. 25, 2017, 4:17 p.m.
  • Length: 12:51
Show
View Real Time Build Order
Export as new Build Order

Tramadillo Terran - Winner!

Build Orders: Hellion Opening, Mech 

Get SALT Encoding   

  12  0:01  SCV  
  13  0:13  SCV  
  14  0:18  Supply Depot  
  14  0:25  SCV  
  15  0:31  Refinery  
  15  0:40  SCV  
  16  0:45  Barracks  
  16  0:53  SCV  
  17  1:05  SCV  
  18  1:17  SCV  
  19  1:32  Orbital Command  
  19  1:33  Marine  
  20  1:48  Command Center  
  20  2:00  Factory  
  20  2:03  Barracks Reactor  
  20  2:07  SCV  
  21  2:15  Supply Depot  
  21  2:20  SCV  
  22  2:30  Refinery  
  22  2:32  SCV  
  23  2:48  Armory  
  23  2:49  SCV  
  24  2:57  Hellion  
  24  2:58  Hellion  
  28  3:03  Orbital Command  
  28  3:04  SCV  
  29  3:12  Starport, Marine  
  30  3:19  SCV  
  31  3:22  Hellion  
  31  3:25  Hellion  
  35  3:30  SCV, Marine  
  35  3:32  SCV  
  38  3:42  SCV  
  38  3:43  Hellion  
  38  3:44  SCV  
  42  3:54  SCV  
  42  3:55  Supply Depot  
  43  3:56  SCV  
  43  3:57  Supply Depot  
  43  3:58  Hellion  
  46  4:11  SCV x2, Hellion, Viking  
  52  4:18  Terran Vehicle Weapons Level 1  
  52  4:19  Hellion  
  52  4:21  Marine  
  55  4:26  SCV x2  
  57  4:38  SCV x2  
  59  4:47  Command Center  
  59  5:02  SCV x2  
  61  5:09  Barracks Reactor  
  61  5:14  SCV x2  
  63  5:16  Factory  
  63  5:17  Refinery x2  
  63  5:19  Factory  
  63  5:20  Supply Depot x2  
  63  5:26  SCV x2  
  65  5:29  Armory, Cyclone  
  68  5:42  Cyclone  
  71  5:47  SCV x2  
  63  6:00  SCV  
  63  6:01  SCV  
  63  6:02  Orbital Command  
  59  6:04  Cyclone  
  59  6:05  Factory Tech Lab  
  62  6:12  Terran Vehicle And Ship Armor Level 1  
  62  6:15  Cyclone  
  62  6:16  Hellion  
  67  6:19  SCV  
  67  6:20  SCV  
  69  6:32  SCV  
  70  6:42  SCV  
  70  6:46  Orbital Command  
  71  6:52  Cyclone x2  
  80  6:56  Hellion  
  80  6:57  Siege Tank  
  80  6:58  Refinery  
  80  6:59  Refinery, Starport Reactor  
  82  7:06  SCV x2  
  82  7:07  Hellion  
  86  7:17  SCV  
  86  7:18  SCV x2  
  89  7:29  Hellion x2, SCV, Siege Tank  
  100  7:30  SCV, Cyclone  
  100  7:35  Liberator  
  100  7:36  Cyclone  
  104  7:38  Supply Depot  
  104  7:39  Supply Depot  
  104  7:40  SCV  
  104  7:41  SCV  
  106  7:46  Command Center  
  106  7:54  Hellion x2  
  106  7:56  Terran Vehicle Weapons Level 2  
  113  7:59  SCV x3  
  113  8:01  Siege Tank  
  121  8:13  Hellion x2  
  121  8:15  Cyclone x2  
  121  8:16  SCV x2  
  121  8:17  SCV  
  132  8:25  Supply Depot x2  
  132  8:27  Supply Depot  
  132  8:35  Factory, Terran Vehicle And Ship Armor Level 2  
  132  8:36  Factory  
  132  8:40  Hellion x2  
  136  8:42  Siege Tank  
  136  8:47  Viking  
  141  9:06  Hellion, Command Center  
  116  9:32  Hellion  
  116  9:33  Hellion, Cyclone  
  116  9:34  Liberator x2, Cyclone, Siege Tank  
  116  9:35  Refinery  
  116  9:36  Refinery  
  129  9:39  Factory Tech Lab  
  129  9:40  Factory Tech Lab  
  129  9:41  Infernal Pre-Igniter  
  129  9:48  SCV x3  
  138  10:00  Orbital Command  
  138  10:06  Siege Tank  
  141  10:08  Supply Depot  
  141  10:11  Supply Depot  
  141  10:16  Factory  
  141  10:17  Factory  
  141  10:18  Hellion x3  
  141  10:21  Factory  
  147  10:25  Cyclone  
  147  10:26  Siege Tank  
  153  10:39  Refinery  
  153  10:41  Refinery  
  153  10:53  Liberator  
  153  10:54  Liberator  
  153  11:02  Hellion x4, Siege Tank x2  
  153  11:03  Siege Tank  
  176  11:25  Hellion x3  
  184  11:26  Hellion  
  174  11:34  Siege Tank  
  174  11:48  Hellion x3, Siege Tank x2  
  174  11:52  Factory Tech Lab x2  
  174  11:53  Factory Tech Lab  
  186  12:04  Hellion  
  186  12:07  Hellion  
  190  12:09  Hellion  
Show
View Real Time Build Order
Export as new Build Order

Dessa Zerg 

Build Orders: Hatch First 

Get SALT Encoding   

  12  0:01  Drone  
  13  0:13  Overlord  
  13  0:18  Drone  
  14  0:31  Drone x2  
  16  0:36  Drone  
  17  0:53  Hatchery  
  17  0:56  Drone  
  17  0:59  Extractor  
  17  1:04  Drone  
  17  1:15  Spawning Pool  
  16  1:20  Drone  
  17  1:25  Drone  
  18  1:39  Overlord  
  18  1:53  Drone  
  19  2:01  Metabolic Boost  
  19  2:02  Queen  
  19  2:04  Zergling x4  
  23  2:11  Queen  
  25  2:32  Drone  
  25  2:33  Drone x2  
  25  2:34  Drone  
  25  2:35  Overlord  
  29  2:44  Overlord  
  29  2:49  Queen  
  31  3:06  Hatchery  
  30  3:13  Overlord  
  30  3:16  Drone  
  30  3:17  Drone  
  32  3:20  Drone  
  32  3:25  Drone x2  
  35  3:31  Drone  
  35  3:32  Drone  
  37  3:34  Drone  
  37  3:39  Drone, Extractor  
  38  3:41  Drone  
  38  3:57  Overlord x2  
  38  3:59  Zergling x4  
  40  4:02  Roach Warren  
  39  4:12  Drone  
  39  4:13  Drone  
  41  4:22  Queen  
  43  4:29  Overlord  
  43  4:30  Drone x2  
  43  4:31  Drone  
  46  4:34  Drone x3  
  46  4:35  Lair  
  49  4:40  Drone  
  49  4:42  Baneling Nest  
  49  4:44  Pneumatized Carapace  
  49  4:59  Drone x3  
  52  5:04  Extractor  
  52  5:05  Extractor  
  50  5:08  Drone x4  
  50  5:09  Drone  
  50  5:10  Drone x3  
  50  5:11  Drone x2  
  60  5:19  Overlord x2  
  60  5:23  Evolution Chamber  
  60  5:24  Drone  
  60  5:25  Drone, Evolution Chamber  
  60  5:32  Roach  
  60  5:33  Roach x2  
  54  5:58  Drone x2  
  54  5:59  Drone x2  
  54  6:00  Drone x4  
  54  6:02  Queen  
  54  6:03  Queen  
  62  6:05  Glial Reconstitution  
  62  6:07  Zerg Missile Weapons Level 1  
  62  6:12  Roach x2  
  66  6:19  Overlord x2  
  66  6:29  Extractor x2  
  64  6:37  Overlord  
  64  6:39  Overlord  
  64  6:46  Drone x2  
  64  6:47  Drone x3  
  67  6:48  Drone  
  70  6:55  Drone  
  70  6:57  Hydralisk Den  
  70  6:58  Hatchery  
  70  7:00  Roach  
  70  7:01  Roach x5  
  81  7:21  Infestation Pit  
  80  7:23  Overlord  
  80  7:24  Overlord  
  80  7:33  Zerg Ground Armor Level 1  
  80  7:48  Hydralisk x5, Muscular Augments  
  80  7:49  Hydralisk x2  
  80  7:50  Roach  
  80  7:51  Roach x2  
  100  7:54  Drone x3  
  100  7:55  Drone x3, Overlord  
  106  7:58  Overlord  
  106  8:00  Overlord  
  106  8:09  Overlord  
  106  8:10  Overlord  
  106  8:20  Queen  
  106  8:26  Hydralisk x3  
  106  8:27  Roach x5  
  124  8:52  Zerg Missile Weapons Level 2  
  124  8:56  Hydralisk  
  124  8:57  Roach x3, Hydralisk x3  
  124  8:58  Roach  
  140  9:07  Drone x4  
  136  9:27  Hydralisk  
  136  9:28  Roach x4, Hydralisk x2  
  100  9:39  Drone x6  
  100  9:40  Drone x4  
  100  9:41  Roach x2, Hydralisk  
  116  9:54  Roach x5  
  116  9:59  Hive  
  126  10:03  Extractor  
  125  10:07  Extractor  
  125  10:13  Zerg Ground Armor Level 2  
  124  10:20  Overlord x2  
  124  11:01  Extractor, Hatchery  
  124  11:02  Drone x4  
  124  11:03  Drone, Hydralisk  
  124  11:04  Roach x3, Hydralisk x3  
  129  11:05  Roach  
  143  11:12  Overlord x4  
  123  11:43  Roach x4  
  128  11:50  Roach x7  
  128  11:51  Roach x5  
  128  11:52  Hydralisk x4  
  160  12:06  Viper x5  
  161  12:23  Overlord  
  161  12:24  Overlord x2  
  161  12:32  Overlord  
  161  12:33  Overlord  
  161  12:36  Hatchery  
Tags
 
Composition
Mech
League
Diamond
Matchup
TvZ
Replay Pack
2017S4
Spawn Locations
Cross Positions
Add a new tag
Caveats
  • Supply blocks, unpowered buildings, or Contaminate may cause inaccurate times.
  • Supply counts are checked every 10 seconds.